 Dungeon Crawl Stone Soup version 0.32-a0-22-g6ae6769602 (webtiles) character file.

Game seed: 7597986236177442306

60 jasper the Slasher (level 3, 0/34 HPs)
             Began as a Deep Elf Berserker on Jan 18, 2024.
             Was a Believer of Trog.
             Slain by a gnoll
             ... wielding a +3 flail of distortion
              (6 damage)
             ... on level 2 of the Dungeon.
             The game lasted 00:02:11 (818 turns).

jasper the Slasher (Deep Elf Berserker)              Turns: 818, Time: 00:02:11

Health: 0/34       AC:  6    Str: 14    XL:     3   Next: 82%
Magic:  5/5        EV: 10    Int: 11    God:    Trog [**....]
Gold:   72         SH:  0    Dex: 16    Spells: 2/2 levels left

rFire   . . .        a - +0 falchion
rCold   . . .        (no shield)
rNeg    . . .        j - +0 scale mail
rPois   .            (no helmet)
rElec   .            (no cloak)
rCorr   .            (no gloves)
SInv    .            (no boots)
Will    .....        (no amulet) Stlth
                     (no ring)
HPRegen 0.25/turn    (no ring)
MPRegen 0.09/turn

%: no passive effects
@: berserking (expiring), very quick
A: no striking features
a: Renounce Religion, Berserk, Trog's Hand


You were on level 2 of the Dungeon.
You worshipped Trog.
Trog was pleased with you.
You visited 1 branch of the dungeon, and saw 2 of its levels.

You collected 72 gold pieces.

Inventory:

Hand Weapons
 a - a +0 falchion (weapon)
 m - a +1 short sword of speed
Missiles
 c - 12 stones (quivered)
Armour
 b - a +0 animal skin
 e - a +0 leather armour
 j - a +0 scale mail (worn)
Scrolls
 f - 2 scrolls of immolation {unknown}
 g - a scroll of blinking {unknown}
 i - 3 scrolls of identify {unknown}
 k - 2 scrolls of noise {unknown}
Potions
 d - 2 potions of attraction {unknown}
 h - a potion of haste {unknown}
 l - a potion of curing {unknown}


   Skills:
 + Level 3.0 Fighting
 * Level 3.9 Long Blades
 - Level 1.5 Armour
 - Level 2.4 Dodging


You had 2 spell levels left.
You didn't know any spells.
Your spell library was empty.

Dungeon Overview and Level Annotations

Branches:
Dungeon (2/15)

Altars:


Message History

You start resting.
You are no longer berserk.
You are exhausted.
You feel yourself slow down.
You now have 20/23 hp.
You start resting.
HP restored.
Health restored: 23 You start waiting.
You feel yourself speed up.
You start waiting.
You recover from your berserk rage.
Things that are here:
a +0 flail; a +0 whip; a gnoll corpse You see here a quokka corpse. 2 gnolls come into view.
A gnoll is wielding a +3 flail of distortion.
The gnoll shouts!
You start waiting.
A gnoll is nearby!
A red film seems to cover your vision as you go berserk!
You feel yourself moving faster!
You feel mighty!
The gnoll hits you with a +3 flail of distortion!
Space warps around you.
You now have 23/34 hp.
You hit the gnoll.
The gnoll is moderately wounded.
You hit the gnoll.
The gnoll is severely wounded.
The gnoll hits you but does no damage. Space warps horribly around you!!
Ouch! That really hurt!
* * * LOW HITPOINT WARNING * * *
You take 17 damage, and have 6/34 hp.
MASSIVE DAMAGE!!
You barely miss the gnoll.
The gnoll is severely wounded.
You feel a strong urge to attack something.
You closely miss the gnoll.
The gnoll is severely wounded.
The gnoll hits you with a +3 flail of distortion.
You die...

######## ##########
#gg@...####........<
#.####.##........###
#......##.#.##.#...#
#..###.##..#..#.....
#. #g...#.##)#...#
#..###g##.#.##.#.###
#......##..#†.#..# #
#....(####.#.##.#.###
#.#..g #........)..


You could see 2 gnolls.

Vanquished Creatures
  2 gnolls (D:2)
  2 dart slugs (D:1)
  A bat (D:1)
  6 endoplasms (D:1)
  A giant cockroach (D:1)
  2 goblins
  2 hobgoblins (D:1)
  2 kobolds (D:1)
  6 quokkas
  3 ball pythons
  5 frilled lizards
  A rat (D:2)
33 creatures vanquished.

Notes
Turn   | Place    | Note
-------+----------+-------------------------------------------
     0 | D:1      | jasper the Deep Elf Berserker began the quest for the Orb.
     0 | D:1      | Reached XP level 1. HP: 13/13 MP: 3/3
   103 | D:1      | Reached XP level 2. HP: 15/18 MP: 4/4
   440 | D:1      | Reached XP level 3. HP: 19/22 MP: 5/5
   688 | D:2      | Reached ** piety under Trog
   818 | D:2      | Slain by a gnoll

Illustrated notes

Levels and vault maps discovered:
D:1:      ebering_trefoil_3fold, layout_rooms
D:2:      layout_loops_corners, st_stairs_4, minmay_small_reverse_x

Skill      XL: |  1  2  3 |
---------------+----------+-----
Long Blades    | 3 |  3.9
Fighting       | 3 |  3.0
Armour         | |  1.5
Dodging        | |  2.4

Action                     || total
---------------------------++-------
  Melee: Falchion          ||    94
         Punch             ||     1
  Throw: Stone             ||     3
 Invoke: Berserk           ||     4
 Armour: Animal skin       ||     9
         Leather armour    ||    15
         Scale mail        ||    17
  Dodge: Dodged            ||    44

Table legend: (Time is in decaauts)
 A = Elapsed time spent in this place.
 B = Non-inter-level travel time spent in this place.
 C = Inter-level travel time spent in this place.
 D = Time resting spent in this place.
 E = Time spent auto-exploring this place.
 F = Levels seen in this place.
 G = Mean time per level.
                   A        B        C        D        E       F      G
               +--------+--------+--------+--------+--------+-----+--------+
         Total |    853 |    818 |     35 |    157 |    352 |   2 |  426.5 |
       Dungeon |    853 |    818 |     35 |    157 |    352 |   2 |  426.5 |
               +--------+--------+--------+--------+--------+-----+--------+

Top non-repeatable levels by time:
     D:1: 589 daAuts
     D:2: 264 daAuts
